 Dungeon Crawl Stone Soup version 0.30.1 (webtiles) character file.

Game seed: 14751144939844686046

326 AgateBread the Trooper (level 6, -2/40 HPs)
             Began as a Gargoyle Monk on July 7, 2023.
             Engulfed by a steam dragon's steam (9 damage)
             ... on level 6 of the Dungeon.
             The game lasted 00:11:53 (2551 turns).

AgateBread the Trooper (Gargoyle Monk)              Turns: 2551, Time: 00:11:53

Health: -2/40      AC: 13    Str: 15    XL:     6   Next: 49%
Magic:  6/6        EV: 12    Int: 12    God:
Gold:   282        SH:  0    Dex: 12    Spells: 5/5 levels left

rFire   . . .        p - +2 dagger (venom)
rCold   . . .        d - orb {light}
rNeg    + + .        v - +0 leather armour
rPois   ∞            t - +2 helmet
rElec   +            w - +0 cloak
rCorr   .            g - +1 pair of gloves
SInv    .            (no boots)
Will    .....        (no amulet) Stlth
                     r - ring of positive energy
HPRegen 0.26/turn    (no ring)
MPRegen 0.10/turn

%: no passive effects
@: confused, ambrosia-drunk, glowing
A: sickness immunity, AC +4, negative energy resistance 1, electricity
resistance, torment resistance 1, petrification resistance
a: no special abilities


You were on level 6 of the Dungeon.
You visited 1 branch of the dungeon, and saw 4 of its levels.

You collected 282 gold pieces.

Inventory:

Hand Weapons
 a - a +0 mace
 h - a +0 whip
 p - a +2 dagger of venom (weapon)
 u - a +0 war axe
Armour
 b - a +0 robe
 d - an orb of light (worn)
 g - a +1 pair of gloves (worn)
 t - a +2 helmet (worn)
 v - a +0 leather armour (worn)
 w - a +0 cloak (worn)
Jewellery
 r - a ring of positive energy (left hand)
Scrolls
 j - a scroll of acquirement
 o - 2 scrolls of enchant armour
 s - a scroll of teleportation
Potions
 c - a potion of ambrosia
 e - a potion of magic
 i - a potion of flight {unknown}
 k - a potion of resistance
 l - a potion of might {unknown}
 m - a potion of heal wounds {unknown}
 q - a potion of curing {unknown}


   Skills:
 + Level 5.1 Fighting
 + Level 4.7 Maces & Flails
 + Level 3.9 Dodging


You had 5 spell levels left.
You didn't know any spells.
Your spell library contained the following spells:

 Spells                   Type           Power      Damage    Failure   Level
 Magic Dart               Conj           0%         1d3       38%         1
 Call Imp                 Summ           0%         N/A       52%         2
 Ignite Poison            Fire/Tmut/Pois 0%         N/A       77%         3
 Mephitic Cloud           Conj/Pois/Air  0%         N/A       77%         3
 Sticky Flame             Conj/Fire      0%         2d3       99%         4
 Ignition                 Fire           0%         3d3       100%        8


Dungeon Overview and Level Annotations

Branches:
Dungeon (3/15)

Altars:
Yredelemnul
Zin

Shops:
D:2 =[=[


Innate Abilities, Weirdness & Mutations

You are immune to sickness and miasma.
Your stone body is resilient. (AC +4)
You are immune to poison.
You resist negative energy. (rN+)
You are resistant to electric shocks. (rElec)
You are resistant to unholy torment.
You are immune to petrification.


Message History

The ball of steam hits you!
You hit the steam dragon but do no damage.
You are engulfed in a cloud of scalding steam.
The steam dragon closely misses you.
The steam dragon claws you but does no damage.
The steam dragon bites you but does no damage.
The steam dragon barely misses you.
You thump the steam dragon!
The steam dragon is moderately wounded.
The steam dragon bites you but does no damage.
The steam dragon barely misses you.
Your +2 dagger of venom begins to drip with poison!
p - a +2 dagger of venom (weapon)
You hit the steam dragon but do no damage.
The steam dragon is poisoned.
The steam dragon is moderately wounded.
The steam dragon breathes steam at you. The ball of steam hits you!
* * * LOW HITPOINT WARNING * * *
You hit the steam dragon.
The steam dragon looks as sick as possible!
The steam dragon is moderately wounded.
You are engulfed in a cloud of scalding steam.
* * * LOW HITPOINT WARNING * * *
The steam dragon misses you.
The steam dragon claws you but does no damage.
You are confused.
You feel invigorated.
You are engulfed in a cloud of scalding steam.
The steam dragon bites you but does no damage.
The steam dragon barely misses you.
You bump into the rock wall.
You are engulfed in a cloud of scalding steam.
* * * LOW HITPOINT WARNING * * *
The steam dragon misses you. The steam dragon barely misses you.
You hit the steam dragon.
The steam dragon looks as sick as possible!
The steam dragon is severely wounded.
You are engulfed in a cloud of scalding steam.
You die...

#.....# #.
###.....# #.
#.......# #.
##.#.....# ##.
#.)#.....# #..
#........#
##..##.########
#...#..#
####...D@.#
..........#
......#.###
........#
.......##
....... .......
##..... #...##


You could see a steam dragon (extremely poisoned).

Vanquished Creatures
  Grinder (D:3)
  A water moccasin zombie (D:3)
  A hound zombie (D:3)
  An adder (D:3)
  A worm (D:2)
  An orc (D:3)
  8 endoplasms
  2 giant cockroaches
  5 goblins
  3 hobgoblins
  3 jackals (D:2)
  A quokka (D:1)
  2 ball pythons
  A ball python zombie (D:3)
  3 bats
  6 frilled lizards
  3 kobolds
  3 rats
46 creatures vanquished.

Notes
Turn   | Place    | Note
-------+----------+-------------------------------------------
     0 | D:1      | AgateBread the Gargoyle Monk began the quest for the Orb.
     0 | D:1      | Reached XP level 1. HP: 14/14 MP: 1/1
    75 | D:1      | Reached XP level 2. HP: 12/19 MP: 2/2
   577 | D:1      | Identified a scroll of acquirement
   604 | D:2      | Found Adaor's Antique Armour Emporium.
   604 | D:2      | Found Kopruuch's Jewellery Emporium.
   659 | D:2      | Found a faded altar of an unknown god.
   879 | D:2      | Reached XP level 3. HP: 24/24 MP: 3/3
  1021 | D:2      | Found Tiuwnu Nocw's Jewellery Boutique.
  1175 | D:2      | Found Situraor's Antique Armour Boutique.
  1555 | D:3      | Found a basalt altar of Yredelemnul.
  1568 | D:3      | Reached skill level 4 in Fighting
  1568 | D:3      | Reached XP level 4. HP: 14/29 MP: 4/4
  1896 | D:3      | Noticed Grinder
  1898 | D:3      | Paralysed by Grinder for 3 turns
  1906 | D:3      | Found a glowing silver altar of Zin.
  1909 | D:3      | Paralysed by Grinder for 5 turns
  1934 | D:3      | Killed Grinder
  1935 | D:3      | Reached skill level 5 in Fighting
  1935 | D:3      | Reached XP level 5. HP: 30/35 MP: 5/5
  1935 | D:3      | Reached XP level 6. HP: 34/40 MP: 6/6
  2516 | D:3      | You fall into a shaft and drop 3 floors!
  2538 | D:6      | Noticed a steam dragon
  2551 | D:6      | Engulfed by a steam dragon's steam

Illustrated notes

Levels and vault maps discovered:
D:1:      heliophobic_arrival_enchanted_forest, layout_rooms
D:2:      layout_basic, serial_shops, nicolae_shop_crystal,
          nicolae_shop_peninsula, shop_coins, shop, nicolae_ecumenical_oubliette
D:3:      layout_loops_cross, mainiacjoe_overflow_paths,
          nicolae_yredelemnul_corpse_copse, patterned_corridor, uniq_grinder
D:6:      layout_rooms, jmf_multi_god_temple2, serial_park_tiny_1,
          minmay_misc_feat_tower, sigmund_army

Skill      XL: |  1  2  3  4 |
---------------+-------------+-----
Fighting       | 4 5 |  5.1
Dodging        | 3 |  3.9
Maces & Flails | 4 |  4.7

Action                     |  1- 3 |  4- 6 || total
---------------------------+-------+-------++-------
  Melee: Mace              |   106 |    22 ||   128
         Dagger            |       |     8 ||     8
    Use: Scroll            |     6 |     3 ||     9
         Potion            |     1 |     3 ||     4
 Armour: Robe              |    34 |     7 ||    41
         Skin              |     8 |       ||     8
         Leather armour    |       |     9 ||     9
  Dodge: Dodged            |    62 |    18 ||    80
